 Dungeon Crawl Stone Soup version 0.19.4-8-ga85b6b9 (webtiles) character file.

497 JeffiDaFish the Covered (level 7, -12/44 HPs)
             Began as a Gargoyle Fighter on Feb 7, 2017.
             Was an Initiate of Makhleb.
             Mangled by an ogre
             ... wielding a +0 giant club
              (19 damage)
             ... on level 5 of the Dungeon.
             The game lasted 00:11:45 (2659 turns).

JeffiDaFish the Covered (Gargoyle Fighter)          Turns: 2659, Time: 00:11:45

Health: -12/44     AC: 15    Str: 19 (20) XL:     7   Next: 15%
Magic:  8/8        EV:  5    Int:  8      God:    Makhleb [......]
Gold:   32         SH: 11    Dex:  7      Spells: 0 memorised, 6 levels left

rFire  x . .     SeeInvis .     a - +1 flail
rCold  + . .     Gourm    .     p - +0 chain mail
rNeg   + . .     Faith    .     c - +0 shield
rPois  ∞         Spirit   .     (no helmet)
rElec  +         Reflect  +     m - +0 cloak (curse)
rCorr  .         Harm     .     (no gloves)
MR     +....                    (no boots)
Stlth  ..........               b - +2 amulet of reflection
                                r - ring of ice
                                s - ring of protection from magic

@: no status effects
A: talons 1, clumsy 2, negative energy resistance 1, electricity resistance,
unbreathing, petrification resistance, rot immunity, AC +4
a: Renounce Religion


You were on level 5 of the Dungeon.
You worshipped Makhleb.
Makhleb was noncommittal.
You were not hungry.

You visited 2 branches of the dungeon, and saw 6 of its levels.

You collected 32 gold pieces.

Inventory:

Hand Weapons
 a - a +1 flail (weapon)
Armour
 c - a +0 shield (worn)
 m - a cursed +0 cloak (worn)
 p - a +0 chain mail (worn)
Jewellery
 b - a +2 amulet of reflection (around neck)
 e - an uncursed ring of wizardry
 g - an uncursed amulet of rage
 r - a ring of ice (right hand)
 s - a ring of protection from magic (left hand)
Scrolls
 l - 2 scrolls of remove curse
 n - 2 scrolls of identify
 t - a scroll of teleportation
Potions
 d - a potion of might
 h - a potion of flight
 j - a potion of curing
Comestibles
 f - 5 bread rations
 i - 3 meat rations
 o - a royal jelly
 q - 13 chunks of flesh


   Skills:
 * Level 4.8 Fighting
 * Level 3.8 Maces & Flails
 * Level 5.3 Armour
 * Level 4.9 Shields
 + Level 1.8 Evocations


You had 6 spell levels left.
You didn't know any spells.

Dungeon Overview and Level Annotations

Branches:
Dungeon (5/15)             Temple (1/1) D:5

Altars:
Ashenzari
Cheibriados
Dithmenos
Elyvilon
Fedhas
Gozag
Hepliaklqana
Kikubaaqudgha
Makhleb
Nemelex Xobeh
Okawaru
Qazlal
Ru
Sif Muna
Trog
Uskayaw
Vehumet
Xom
Yredelemnul
Zin
The Shining One

Shops:
D:5 [

Annotations:
D:5 Edmund


Innate Abilities, Weirdness & Mutations

You are resistant to torment.
Your stone body is resilient. (AC +4)
You are immune to poison.
You resist negative energy. (rN+)
You are resistant to electric shocks. (rElec)
You can survive without breathing.
You are immune to petrification.
You are immune to rotting.
You have sharp toenails.
You are very clumsy. (Dex -4)


Message History

You see here a ball python corpse.
You butcher the ball python corpse.
q - 13 chunks of flesh (gained 4)
You see here a river rat corpse.
An ogre comes into view. It is wielding a giant club.
The ogre hits you with a giant club!!
You hit the ogre. Your kick misses the ogre.
The ogre is moderately wounded.
The ogre hits you with a giant club!
* * * LOW HITPOINT WARNING * * *
You are too injured to fight recklessly!
You are too injured to fight recklessly!
You are too injured to fight recklessly!
You barely miss the ogre.
The ogre is moderately wounded.
You block the ogre's attack.
You barely miss the ogre. You claw the ogre.
The ogre is moderately wounded.
The ogre hits you with a giant club!!
You die...

### ### #.. ## #.#
#.. #. #.####.# ###.
##.##.##### ...
##.....≈≈≈. ... ..#
#O#######.##...≈≈≈≈
...####...#
#@......####..≈≈≈≈
..... ....#
#...###.# ##...≈≈≈
..... ....# #.###
#.###†.....≈
....##.(..# ....
#.....##..##
.#.....#..###..##.##
##...## ##.#
.##.....# ...#
#..###.### .#
8..∩..8.###...##
#..#..# #
..##.#####.....#
#...## #.
#####.####.....##
##..#######.#


You could see an ogre.

Vanquished Creatures
  A hornet zombie (D:5)
  A phantom (D:5)
  An orc priest (D:5)
  4 orc wizards (D:5)
  A worker ant (D:5)
  A hound zombie (D:5)
  A river rat (D:5)
  7 adders
  2 worms
  2 dart slugs
  3 leopard geckos
  11 orcs
  2 ball pythons
  4 bats
  A giant cockroach (D:5)
  4 goblins (D:2)
  6 hobgoblins
  A quokka (D:3)
  6 frilled lizards
  4 kobolds
  12 rats
75 creatures vanquished.

Vanquished Creatures (others)
  A human (D:3)
1 creature vanquished.

Grand Total: 76 creatures vanquished

Notes
Turn   | Place    | Note
-------+----------+-------------------------------------------
     0 | D:1      | JeffiDaFish the Gargoyle Fighter began the quest for the Orb.
     0 | D:1      | Reached XP level 1. HP: 14/14 MP: 1/1
   115 | D:1      | You fall through a shaft!
   151 | D:2      | Reached XP level 2. HP: 16/19 MP: 2/2
   367 | D:1      | Reached XP level 3. HP: 23/23 MP: 3/3
  1212 | D:3      | Reached XP level 4. HP: 22/29 MP: 4/4
  1231 | D:3      | Reached skill level 1 in Evocations
  1320 | D:3      | Found a faded altar of an unknown god.
  1408 | D:3      | Reached skill level 4 in Armour
  1472 | D:3      | Gained mutation: You are clumsy. (Dex -2) [potion of mutation]
  1472 | D:3      | Gained mutation: You are very clumsy. (Dex -4) [potion of mutation]
  1472 | D:3      | Gained mutation: You have sharp toenails. [potion of mutation]
  1674 | D:3      | Found an ancient bone altar of Kikubaaqudgha.
  1679 | D:3      | Noticed a human
  1680 | D:3      | Killed a human
  1787 | D:5      | Entered Level 5 of the Dungeon
  1787 | D:5      | Noticed a phantom
  1797 | D:5      | Noticed Edmund
  1834 | D:5      | Reached XP level 5. HP: 20/33 MP: 5/5
  1848 | D:5      | Found a stormy altar of Qazlal.
  1848 | D:5      | Found a bloodstained altar of Trog.
  1848 | D:5      | Found a shadowy altar of Dithmenos.
  1848 | D:5      | Found a shimmering altar of Xom.
  1925 | D:5      | Found Seuschoa's Armour Emporium.
  2059 | D:5      | Found a staircase to the Ecumenical Temple.
  2089 | D:5      | Found a bloodstained altar of Trog.
  2095 | D:5      | Found a hazy altar of Hepliaklqana.
  2096 | D:5      | Found a deep blue altar of Sif Muna.
  2096 | D:5      | Found a snail-covered altar of Cheibriados.
  2096 | D:5      | Found a radiant altar of Vehumet.
  2096 | D:5      | Found a radiant altar of Vehumet.
  2097 | D:5      | Found a glowing silver altar of Zin.
  2097 | D:5      | Found a white marble altar of Elyvilon.
  2098 | D:5      | Found a hazy altar of Hepliaklqana.
  2098 | D:5      | Found a shimmering altar of Xom.
  2099 | D:5      | Found a white marble altar of Elyvilon.
  2099 | D:5      | Found a stormy altar of Qazlal.
  2112 | D:5      | Reached XP level 6. HP: 38/38 MP: 7/7
  2164 | D:5      | Killed a phantom
  2179 | Temple   | Entered the Ecumenical Temple
  2296 | Temple   | Became a worshipper of Makhleb the Destroyer
  2467 | D:5      | Reached skill level 5 in Armour
  2579 | D:5      | Reached XP level 7. HP: 29/44 MP: 8/8
  2659 | D:5      | Mangled by an ogre

Skill      XL: |  1  2  3  4  5  6 |
---------------+-------------------+-----
Evocations     | 1 |  1.8
Armour         | 4 5 |  5.3
Shields        | 4 |  4.9
Fighting       | 4 |  4.8
Maces & Flails | 3 |  3.8

Action                   |  1- 3 |  4- 6 |  7- 9 || total
-------------------------+-------+-------+-------++-------
Melee: Flail             |   128 |   260 |    20 ||   408
       Kick              |       |    29 |     9 ||    38
  Use: Scroll            |     6 |     2 |       ||     8
       Potion            |     5 |     4 |     2 ||    11
  Eat: Chunk             |     1 |     5 |     1 ||     7
Armor: Scale mail        |    77 |    25 |       ||   102
       Chain mail        |       |   145 |    15 ||   160
Dodge: Dodged            |    47 |    78 |     1 ||   126
Block: Shield            |    87 |   174 |     7 ||   268
       Reflection        |       |     3 |       ||     3
